 Dungeon Crawl Stone Soup version 0.30-a0-721-ga6a225cb13 (webtiles) character file.

Game seed: 565772048318412054

184614 Bnni the Unseen (level 18, 0/153 HPs)
             Began as a Vine Stalker Fighter on Jan 27, 2023.
             Was the Champion of Uskayaw.
             Constricted to death by an anaconda (2 damage)
             ... on level 4 of the Snake Pit.
             The game lasted 01:30:45 (25320 turns).

Bnni the Unseen (Vine Stalker Fighter)             Turns: 25320, Time: 01:30:46

Health: 0/153      AC: 29    Str: 25    XL:     18   Next: 41%
Magic:  0/31       EV:  5    Int:  8    God:    Uskayaw [******]
Gold:   444        SH: 14    Dex: 21    Spells: 17/25 levels left

rFire   . . .      SeeInvis .    a - +8 quick blade (elec)
rCold   + . .      Faith    +    r - +0 kite shield {reflect}
rNeg    + . .      Spirit   +    w - +5 pearl dragon scales
rPois   +          Reflect  +    e - +0 helmet
rElec   .          Harm     .    i - +1 cloak
rCorr   +          Rampage  .    U - +2 pair of gloves
Will    ++...                    X - +0 pair of boots Stlth
                                 R - amulet of faith
HPRegen 1.25/turn                p - ring "Riatywn" {rC+ rCorr AC+4 Str+5}
MPRegen 0.22/turn                K - ring of poison resistance

@: berserking, constricted, very quick
A: fangs 3, regeneration 1, magic shield, antimagic bite, no potion heal 2
a: Renounce Religion, Stomp, Line Pass, Grand Finale


You were on level 4 of the Snake Pit.
You worshipped Uskayaw.
Uskayaw was most pleased with you.
You visited 5 branches of the dungeon, and saw 27 of its levels.
You visited the Abyss 1 time.
You also visited: Ossuary and Bailey.

You collected 4321 gold pieces.
You spent 3877 gold pieces at shops.

Inventory:

Hand Weapons
 a - a +8 quick blade of electrocution (weapon)
 E - the +6 dagger of Pain and Death {holy, rPois}
   (You found it on level 3 of the Snake Pit)

   rPois:     It protects you from poison.
Missiles
 m - 2 silver boomerangs (quivered)
 t - a curare-tipped dart
 V - 3 throwing nets
Armour
 e - a +0 helmet (worn)
 i - a +1 cloak (worn)
 r - a +0 kite shield of reflection (worn)
 w - +5 pearl dragon scales (worn)
 P - a +1 kite shield of cold resistance
 U - a +2 pair of gloves (worn)
 X - a +0 pair of boots (worn)
Jewellery
 c - a ring of positive energy
 g - a ring of protection from cold
 p - the ring "Riatywn" (left hand) {rC+ rCorr AC+4 Str+5}
   (You bought it in a shop on level 1 of the Snake Pit)

   [ring of protection]

   AC:        It affects your AC (+4).
   Str:       It affects your strength (+5).
   rC:        It protects you from cold.
   rCorr:     It protects you from acid and corrosion.
 A - a ring of flight
 K - a ring of poison resistance (right hand)
 Q - a ring of protection from fire
 R - an amulet of faith (around neck)
 T - a ring of protection from fire
Wands
 n - a wand of quicksilver (17)
 s - a wand of mindburst (6)
 y - a wand of charming (27)
 B - a wand of flame (36)
 G - a wand of roots (16)
 H - a wand of polymorph (15)
 N - a wand of digging (7)
Scrolls
 b - a scroll of summoning
 f - 2 scrolls of poison
 k - 2 scrolls of brand weapon
 l - 3 scrolls of silence
 o - 8 scrolls of magic mapping
 q - 2 scrolls of vulnerability
 v - 8 scrolls of teleportation
 x - a scroll of blinking
 C - 3 scrolls of fog
 D - 4 scrolls of amnesia
 I - 2 scrolls of immolation
Potions
 d - 6 potions of might
 h - 8 potions of haste
 j - 4 potions of resistance
 u - 5 potions of attraction
 z - 4 potions of lignification
 F - 4 potions of mutation
 L - 2 potions of magic
 M - 8 potions of curing
 O - a potion of cancellation
 S - 4 potions of ambrosia
 Z - a potion of berserk rage
Miscellaneous
 J - a phial of floods
 W - a box of beasts


   Skills:
 + Level 14.0 Fighting
 - Level 10.0 Short Blades
 * Level 5.9 Armour
 + Level 17.7 Stealth
 - Level 14.0 Shields
 + Level 4.0 Spellcasting
 * Level 5.7 Translocations
 - Level 3.0 Air Magic
 + Level 16.5 Invocations


You had 17 spell levels left.
You knew the following spells:

 Your Spells              Type           Power      Damage    Failure   Level
a - Apportation           Tloc           20%        N/A       13%         1
b - Blink                 Tloc           20%        N/A       21%         2
c - Lesser Beckoning      Tloc           20%        N/A       21%         2
d - Vhi's Electric Charg  Tloc/Air       16%        N/A       56%         3

Your spell library contained the following spells:

 Spells                   Type           Power      Damage    Failure   Level
 Gell's Gravitas          Tloc           10%        N/A       36%         3
 Teleport Other           Tloc           10%        N/A       36%         3
 Momentum Strike          Conj/Tloc      12%        3d8       54%         2
 Kindle Blastsparks       Fire/Tloc/Air  12%        2d11      77%         3
 Portal Projectile        Hex/Tloc       12%        N/A       78%         3
 Ensorcelled Hibernation  Hex/Ice        2%         N/A       91%         2
 Call Canine Familiar     Summ           1%         N/A       99%         3
 Dazzling Flash           Conj/Hex       2%         N/A       99%         3
 Inner Flame              Hex/Fire       1%         N/A       99%         3
 Ozocubu's Armour         Ice            1%         N/A       99%         3
 Spider Form              Tmut/Pois      1%         N/A       99%         3
 Iskenderun's Mystic Bla  Conj/Tloc      6%         2d4       99%         4
 Anguish                  Hex/Necr       0%         N/A       100%        4
 Flame Wave               Conj/Fire      1%         2d4       100%        4
 Fulminant Prism          Conj/Hex       0%         3d5       100%        4
 Leda's Liquefaction      Hex/Erth       0%         N/A       100%        4
 Sticky Flame             Conj/Fire      1%         2d3       100%        4
 Agony                    Necr           1%         N/A       100%        5
 Alistair's Intoxication  Tmut/Pois      0%         N/A       100%        5
 Arcjolt                  Conj/Air       2%         1d12      100%        5
 Borgnjor's Vile Clutch   Necr/Erth      0%         N/A       100%        5
 Freezing Cloud           Conj/Ice/Air   1%         6-21      100%        5
 Lee's Rapid Deconstruct  Erth           0%         3d4*      100%        5
 Metabolic Englaciation   Hex/Ice        0%         N/A       100%        5
 Silence                  Hex/Air        2%         N/A       100%        5
 Conjure Ball Lightning   Conj/Air       2%         3x3d6     100%        6
 Eringya's Noxious Bog    Tmut/Pois      0%         N/A       100%        6
 Simulacrum               Ice/Necr       0%         N/A       100%        6
 Starburst                Conj/Fire      0%         6d3       100%        6
 Discord                  Hex            0%         N/A       100%        8
 Disjunction              Tloc           5%         N/A       100%        8
 Maxwell's Capacitive Co  Air            3%         ∞         100%        8
 Polar Vortex             Ice            0%         N/A       100%        9


Dungeon Overview and Level Annotations

Branches:
Dungeon (15/15)            Temple (1/1) D:5            Lair (5/5) D:9
 Shoals (0/4) Lair:2        Snake (4/4) Lair:3        Slime (0/5) Lair:4
    Orc (2/2) D:11            Elf (0/3) Orc:2        Vaults (0/5) D:14
 Depths (0/4) D:15        Ossuary (visited)          Bailey (visited)

Altars:
Cheibriados
Elyvilon
Fedhas
Hepliaklqana
Makhleb
Nemelex Xobeh
Qazlal
Ru
Sif Muna
Uskayaw
Vehumet
Wu Jian
Xom
Yredelemnul
Zin
The Shining One

Shops:
D:2 [   D:3 :   D:6 [   Orc:1 =   Orc:2 *[=!   Snake:1 ::=   Snake:3 **:

Portals:
Trove: D:14 (give +8 demon trident)

Annotations:
Lair:4 1 runed translucent door


Innate Abilities, Weirdness & Mutations

You have razor-sharp teeth.
Your natural rate of healing is unusually fast.
When hurt, damage is shared between your health and your magic reserves.
Your bite disrupts and absorbs the magic of your enemies.
Potions cannot restore your health.


Message History

The bolt of electricity hits you!
* * * LOW HITPOINT WARNING * * *
You closely miss the mana viper. You bite the mana viper.
You kill the mana viper!
You block the anaconda's attack. The anaconda constricts you.
* * * LOW HITPOINT WARNING * * *
You puncture the shock serpent! You bite the shock serpent!
You drain its power.
You feel invigorated.
The shock serpent is heavily wounded.
The shock serpent's electric aura discharges, shocking you!
* * * LOW HITPOINT WARNING * * *
The shock serpent shoots out a bolt of lightning at you!
The bolt of electricity hits you!!
* * * LOW HITPOINT WARNING * * *
You puncture the shock serpent!
The shock serpent is severely wounded.
The shock serpent's electric aura discharges, shocking you!
The anaconda loses its grip on you.
You miss the shock serpent.
The shock serpent is severely wounded.
You puncture the shock serpent!
The shock serpent is almost dead.
The shock serpent's electric aura discharges, shocking you!
* * * LOW HITPOINT WARNING * * *
The shock serpent bites you but does no damage.
The anaconda grabs you. The anaconda bites you!
* * * LOW HITPOINT WARNING * * *
The anaconda constricts you.
You are too berserk!
You puncture the shock serpent!
You kill the shock serpent!
You closely miss the mana viper. Your bite misses the mana viper.
The mana viper is severely wounded.
You block the mana viper's attack.
You impale the mana viper!!
Lightning courses through the mana viper!
You kill the mana viper!
The anaconda bites you but does no damage.
The anaconda constricts you.
You die...

...##§ . ##...##≈≈...#.......
.)##.§≈≈≈≈≈≈..##...#§§...#...)...
..#..§§≈≈§≈≈≈..#..)'.....#...)...
'##.§§≈§≈≈≈≈§≈§###########...)...
##.§≈≈≈§§≈≈≈§≈§.###...## ###))...
.#.≈≈≈≈§≈§§≈≈≈≈.##.....## ##....
.'§≈≈≈≈§≈§§≈§§≈.'†......# #...#
.#.≈≈≈§§≈§§≈≈≈≈§S..†φ...# #....
##§§≈§§§§§§≈§≈§.@†......# #....
##§.≈§§§§§≈§§§..##.....## #.###
##.≈≈§≈≈≈≈≈≈≈)####...## ###
#..≈≈≈≈≈≈≈≈..# #####
##..§≈≈≈≈≈..## ##........##
###....### ######


You could see an anaconda.

Vanquished Creatures
  3 tentacled starspawn (Abyss:1)
  Frances (D:12)
  An Executioner (Abyss:1)
  Agnes (D:15)
  3 nagarajas
  Aizul (Snake:3)
  An orc warlord (Orc:2)
  A starcursed mass (Abyss:1)
  A red draconian (Abyss:1)
  An eidolon (Abyss:1)
  The ghost of Svetislav95 the Carver, a journeyman HuFi of Trog (Lair:1)
  A salamander tyrant (Snake:4)
  Harold (Lair:1)
  7 hydras
  2 ogre magi
  7 centaur warriors
  17 anacondas
  3 boulder beetles
  A death knight (D:13)
  Erica (D:8)
  6 catoblepae
  A merfolk avatar (Lair:5)
  8 two-headed ogres
  13 naga warriors
  6 tengu warriors
  13 shock serpents
  A thrashing horror (Abyss:1)
  10 naga sharpshooters
  4 orc high priests (Orc:2)
  Nergalle (D:11)
  A fire crab (D:13)
  5 salamander mystics
  4 skeletal warriors (D:14)
  2 deep trolls
  A wretched star (Abyss:1)
  3 sea snakes
  8 naga ritualists
  4 wizards
  A necromancer (D:15)
  3 orc knights
  4 deep elf pyromancers
  3 harpies (Lair:5)
  Pikel (D:6)
  A deep elf zephyrmancer (D:13)
  12 mana vipers
  8 cyclopes
  5 manticores
  A worldbinder (Abyss:1)
  11 ugly things
  4 orc sorcerers (Orc:2)
  A shining eye (Abyss:1)
  16 salamanders
  6 large abominations (Abyss:1)
  12 elephants
  8 guardian serpents
  An apocalypse crab (Abyss:1)
  26 black mambas
  A centaur skeleton (Abyss:1)
  A gargoyle (D:14)
  A rime drake (shapeshifter) (D:13)
  18 naga magi
  2 orange demons (Abyss:1)
  2 smoke demons (Abyss:1)
  4 rime drakes
  2 unseen horrors
  19 cane toads
  6 kobold demonologists
  2 efreet
  4 komodo dragons
  2 tengu conjurers
  An ancient zyme (Abyss:1)
  8 trolls
  3 meliai (D:14)
  5 polar bears
  3 hornets (Lair:5)
  2 raiju (Abyss:1)
  4 dream sheep (Lair:5)
  4 snapping turtles
  Prince Ribbit (D:6)
  11 blink frogs
  A tarantella (shapeshifter) (D:13)
  2 centaur simulacra
  A shadow (D:9)
  5 spriggans (Bailey)
  3 vampires
  A slime creature (D:10)
  6 basilisks
  55 yaks
  2 wyverns
  3 wraiths
  A human (D:3)
  Eustachio (D:6)
  4 steam dragons
  A redback simulacrum (D:15)
  5 vampire mosquitoes (D:14)
  2 chaos spawn (Abyss:1)
  2 wargs
  41 nagas
  21 water moccasins
  An acid dragon (D:13)
  A floating eye (shapeshifter) (D:15)
  Duvessa (D:4)
  A swamp drake (D:11)
  20 orc warriors
  2 ice beasts
  3 sky beasts
  4 black bears
  5 boggarts (D:15)
  11 ogres
  39 wolves
  7 centaurs
  3 phantoms
  8 kobold brigands
  17 bullfrogs
  2 scorpions
  A gnoll sergeant (D:7)
  15 wights
  A small abomination (Abyss:1)
  Dowan (D:4)
  A killer bee (D:10)
  An electric eel (Snake:1)
  2 howler monkeys
  2 lava snakes (Lair:3)
  3 jellies
  24 orc priests
  3 gnoll boudas
  A hound (D:6)
  An iron imp (Abyss:1)
  7 iguanas
  Natasha (thrice) (D:4)
  10 hell rats
  26 orc wizards
  9 mummies
  13 adders
  15 gnolls
  10 river rats (D:10)
  A white imp (Abyss:1)
  An ufetubus (D:4)
  3 worms
  2 dart slugs
  59 orcs
  7 ball pythons
  5 bats
  5 endoplasms
  2 giant cockroaches
  3 gnoll zombies (Ossuary)
  4 goblins
  5 hobgoblins
  3 jackals (D:1)
  3 quokkas
  A frilled lizard (D:1)
  A goblin zombie (D:3)
  A hobgoblin zombie (Ossuary)
  29 kobolds
  A kobold skeleton (D:3)
  A kobold zombie (Ossuary)
  3 orc zombies (Ossuary)
  14 rats
  2 starspawn tentacles (Abyss:1)
963 creatures vanquished.

Vanquished Creatures (collateral kills)
  A hydra (D:13)
1 creature vanquished.

Vanquished Creatures (others)
  25 fungi
  36 plants
  4 starspawn tentacles (Abyss:1)
65 creatures vanquished.

Grand Total: 1029 creatures vanquished

Notes
Turn   | Place    | Note
-------+----------+-------------------------------------------
     0 | D:1      | Bnni the Vine Stalker Fighter began the quest for the Orb.
     0 | D:1      | Reached XP level 1. HP: 11/11 MP: 2/2
   104 | D:1      | Reached XP level 2. HP: 10/16 MP: 3/3
   377 | D:1      | Reached XP level 3. HP: 19/19 MP: 2/4
  1106 | D:2      | Found a faded altar of an unknown god.
  1111 | D:2      | Gained mutation: Your natural rate of healing is unusually
                  | fast. [Vine Stalker growth]
  1111 | D:2      | Reached XP level 4. HP: 24/24 MP: 5/5
  1374 | D:2      | Found Xosmes's Antique Armour Shop.
  1551 | D:2      | Reached XP level 5. HP: 28/28 MP: 6/6
  1790 | D:3      | Found a radiant altar of Vehumet.
  1888 | D:3      | Found a runed translucent door.
  1888 | D:3      | Noticed a human
  1890 | D:3      | Found a basalt altar of Yredelemnul.
  2120 | D:3      | Found Xamar's Book Shop.
  2376 | D:3      | Found a white marble altar of Elyvilon.
  2542 | D:4      | Noticed an ogre
  2551 | D:4      | Killed an ogre
  2552 | D:4      | Reached XP level 6. HP: 21/33 MP: 3/7
  2630 | D:4      | Identified the +1 leather armour of Dogmatism {rF++ Regen+}
  2728 | D:4      | Noticed Duvessa
  2729 | D:4      | Noticed Dowan
  2743 | D:4      | Killed Duvessa
  2756 | D:4      | Killed Dowan
  2825 | D:4      | Reached skill level 5 in Short Blades
  2825 | D:4      | Reached XP level 7. HP: 38/38 MP: 6/8
  2872 | D:4      | Found a sparkling altar of Nemelex Xobeh.
  2899 | D:4      | Noticed Natasha
  2913 | D:4      | Killed Natasha
  2976 | D:4      | Noticed Natasha
  2986 | D:4      | Killed Natasha
  2989 | D:4      | Noticed Natasha
  3001 | D:4      | Killed Natasha
  3054 | D:5      | Entered Level 5 of the Dungeon
  3274 | D:5      | Identified a scroll of acquirement
  3275 | D:5      | Acquired 861 gold pieces
  3406 | D:2      | Bought an embroidered cloak for 195 gold pieces
  3487 | D:3      | Killed a human
  3488 | D:3      | Reached skill level 5 in Fighting
  3488 | D:3      | Gained mutation: You have razor-sharp teeth. [Vine Stalker
                  | growth]
  3488 | D:3      | Reached XP level 8. HP: 43/43 MP: 9/9
  3824 | D:5      | Found a staircase to the Ecumenical Temple.
  3830 | Temple   | Entered the Ecumenical Temple
  3870 | Temple   | Became a worshipper of Uskayaw the Reveller
  3954 | D:6      | Noticed Eustachio
  3966 | D:6      | Reached * piety under Uskayaw
  3971 | D:6      | Reached ** piety under Uskayaw
  3974 | D:6      | Killed Eustachio
  3975 | D:6      | Reached skill level 1 in Stealth
  3975 | D:6      | Reached skill level 1 in Invocations
  4009 | D:6      | Reached *** piety under Uskayaw
  4013 | D:6      | Reached **** piety under Uskayaw
  4023 | D:6      | Reached ***** piety under Uskayaw
  4029 | D:6      | Reached skill level 2 in Stealth
  4033 | D:6      | Reached ****** piety under Uskayaw
  4064 | D:6      | Reached XP level 9. HP: 34/48 MP: 8/11
  4094 | D:6      | Reached skill level 3 in Stealth
  4103 | D:6      | Found a burning altar of Makhleb.
  4257 | D:6      | Found Sirota's Antique Armour Shoppe.
  4277 | D:6      | Noticed Prince Ribbit
  4296 | D:6      | Killed Prince Ribbit
  4297 | D:6      | Reached skill level 4 in Stealth
  4402 | D:6      | Noticed Pikel
  4425 | D:6      | Killed Pikel
  4453 | D:6      | Found a glowing silver altar of Zin.
  4477 | D:6      | Found a shimmering altar of Xom.
  4595 | D:7      | Reached skill level 5 in Stealth
  4945 | D:7      | Reached XP level 10. HP: 53/53 MP: 14/14
  5039 | D:8      | Found a stormy altar of Qazlal.
  5044 | D:8      | Noticed Erica
  5135 | D:8      | Killed Erica
  5136 | D:8      | Reached skill level 6 in Stealth
  5169 | D:8      | Found a flagged portal.
  5178 | Bailey   | Entered a bailey
  5324 | Bailey   | Reached skill level 5 in Invocations
  5402 | Bailey   | Reached skill level 10 in Short Blades
  5431 | Bailey   | Reached skill level 7 in Stealth
  5438 | Bailey   | Noticed a two-headed ogre
  5455 | Bailey   | Killed a two-headed ogre
  5479 | Bailey   | Identified the quicksilver dragon scales of Theory {Harm
                  | Will+ Str+2 Int+4 Stlth-}
  5525 | Bailey   | Identified the +1 whip "Newtslayer" {flame, rPois Dex+4}
  5597 | D:8      | Found a sand-covered staircase.
  5609 | D:8      | Reached XP level 11. HP: 60/60 MP: 16/16
  5610 | Ossuary  | Entered an ossuary
  5645 | Ossuary  | Reached skill level 8 in Stealth
  6507 | D:9      | Found a sacrificial altar of Ru.
  6516 | D:9      | Found a blossoming altar of Fedhas.
  6629 | D:9      | Found a staircase to the Lair.
  6760 | D:9      | Reached skill level 5 in Shields
  6990 | D:10     | Entered Level 10 of the Dungeon
  7081 | D:10     | Noticed an orc knight
  7086 | D:10     | Noticed a two-headed ogre
  7097 | D:10     | Reached skill level 9 in Stealth
  7098 | D:10     | Killed an orc knight
  7104 | D:10     | Killed a two-headed ogre
  7225 | D:10     | Identified the +2 leather armour "Pump" {rC++ Int+4 Stlth-}
  7225 | D:10     | Noticed a tengu warrior
  7257 | D:10     | Killed a tengu warrior
  7362 | D:10     | Noticed an ogre mage
  7363 | D:10     | Noticed an orc knight
  7441 | D:9      | Killed an orc knight
  7565 | D:10     | Killed an ogre mage
  7566 | D:10     | Reached XP level 12. HP: 50/66 MP: 18/18
  7622 | D:10     | Noticed a centaur warrior
  7640 | D:10     | Killed a centaur warrior
  7641 | D:10     | Reached skill level 10 in Stealth
  7867 | D:10     | Found a hazy altar of Hepliaklqana.
  8093 | D:10     | Noticed a boulder beetle
  8114 | D:10     | Killed a boulder beetle
  8386 | D:11     | Noticed a two-headed ogre
  8399 | D:11     | Killed a two-headed ogre
  8833 | D:11     | Noticed Nergalle
  8845 | D:11     | Killed Nergalle
  9058 | D:11     | Noticed a two-headed ogre
  9068 | D:11     | Killed a two-headed ogre
  9380 | D:11     | Found a staircase to the Orcish Mines.
  9706 | D:12     | Noticed a two-headed ogre
  9720 | D:11     | Killed a two-headed ogre
  9721 | D:11     | Reached skill level 11 in Stealth
  9916 | D:12     | Noticed a two-headed ogre
  9928 | D:12     | Killed a two-headed ogre
 10011 | D:12     | Noticed a two-headed ogre
 10024 | D:12     | Killed a two-headed ogre
 10062 | D:12     | Found a shimmering altar of Xom.
 10062 | D:12     | Found a shimmering altar of Xom.
 10063 | D:12     | Found a shimmering altar of Xom.
 10073 | D:12     | Found a shimmering altar of Xom.
 10094 | D:12     | Noticed a sun demon
 10102 | D:12     | Reached skill level 10 in Fighting
 10105 | D:12     | Reached XP level 13. HP: 61/72 MP: 20/20
 10574 | D:12     | Noticed Frances
 10607 | D:12     | HP: 2/72 [poisoned by Frances]
 10608 | D:12     | Killed Frances
 11047 | D:13     | Reached skill level 12 in Stealth
 11161 | D:13     | Reached skill level 10 in Shields
 11686 | D:13     | Identified the +1 robe "Igafeilo" {Int+2}
 11745 | D:13     | Identified the +1 troll leather armour "Virphus" {Harm
                  | Regen+ Str+3 Stlth+}
 11958 | D:13     | Acquired a +1 quick blade of electrocution
 12072 | D:13     | Reached skill level 10 in Invocations
 12364 | D:14     | Reached skill level 13 in Stealth
 12364 | D:14     | Reached XP level 14. HP: 77/77 MP: 22/22
 12465 | D:14     | Found a gate to the Vaults.
 12772 | D:14     | Identified the +4 flail "Yqoq" {heavy, rPois Dex+2}
 12888 | D:14     | Found a portal to a secret trove of treasure.
 13247 | D:15     | Entered Level 15 of the Dungeon
 13394 | D:15     | Found a staircase to the Depths.
 13398 | D:15     | Noticed Agnes
 13404 | D:15     | Killed Agnes
 13602 | D:15     | Reached skill level 14 in Stealth
 13615 | D:15     | Found a blossoming altar of Fedhas.
 14363 | Lair:1   | Entered Level 1 of the Lair of Beasts
 14546 | Lair:1   | Reached XP level 15. HP: 84/84 MP: 25/25
 14693 | Lair:1   | Noticed Harold
 14709 | Lair:1   | Killed Harold
 14911 | Lair:1   | Found a runed translucent gate.
 14911 | Lair:1   | Found a runed translucent gate.
 14916 | Lair:1   | Learned a level 3 spell: Vhi's Electric Charge
 14917 | Lair:1   | Found a runed translucent gate.
 14918 | Lair:1   | Noticed Svetislav95's ghost (journeyman HuFi)
 14935 | Lair:1   | Killed Svetislav95's ghost
 14970 | Lair:1   | You fall into a shaft and drop 1 floor!
 15495 | Lair:2   | Identified the +8 war axe "Gymesum" {heavy, *Noise rF+
                  | Dex+2}
 15587 | Lair:2   | Found a staircase to the Shoals.
 16385 | Lair:3   | Reached skill level 15 in Stealth
 16639 | Lair:3   | Identified the +9 quarterstaff of the Nurturing King
                  | {flame, Str+3}
 16668 | Lair:3   | Found a staircase to the Snake Pit.
 17842 | Lair:4   | Found a runed translucent door.
 17843 | Lair:4   | Found a staircase to the Slime Pits.
 17843 | Lair:4   | Noticed an acid blob
 17843 | Lair:4   | Noticed an acid blob
 17884 | Lair:5   | Entered Level 5 of the Lair of Beasts
 18310 | Lair:5   | Reached XP level 16. HP: 63/90 MP: 20/27
 18310 | Lair:5   | Paralysed by a hornet for 2 turns
 18337 | Lair:5   | Identified the +8 trident of the Singing Pariah {heavy,
                  | rElec rCorr Str+4 Dex-3}
 18680 | Lair:5   | Reached skill level 16 in Stealth
 19189 | Orc:1    | Entered Level 1 of the Orcish Mines
 19316 | Orc:1    | Found Zubru's Jewellery Shoppe.
 19558 | Orc:2    | Entered Level 2 of the Orcish Mines
 19763 | Orc:2    | Reached skill level 15 in Invocations
 19980 | D:2      | Bought glowing pearl dragon scales for 2654 gold pieces
 20267 | Orc:2    | Found Ucemuegg's Jewellery Emporium.
 20267 | Orc:2    | Found Axzil's Distillery.
 20268 | Orc:2    | Found Ruffouso's Antique Armour Shoppe.
 20285 | Orc:2    | Found Kydisug's General Store.
 20673 | Orc:2    | Found a staircase to the Elven Halls.
 20898 | Snake:1  | Entered Level 1 of the Snake Pit
 21586 | Snake:1  | Found Erghuj's Jewellery Shoppe.
 21586 | Snake:1  | Found Bisiylu's Book Boutique.
 21587 | Snake:1  | Found Uzutanna's Book Boutique.
 21655 | Snake:1  | Learned a level 2 spell: Blink
 21658 | Snake:1  | Learned a level 2 spell: Lesser Beckoning
 21767 | Snake:2  | Noticed a nagaraja
 21770 | Snake:2  | Killed a nagaraja
 22092 | Snake:2  | Reached XP level 17. HP: 89/95 MP: 27/29
 22277 | Snake:2  | Acquired 830 gold pieces
 22355 | Snake:1  | Bought the ring "Riatywn" {rC+ rCorr AC+4 Str+5} for 991
                  | gold pieces
 22862 | Snake:3  | Found Teuh's Assorted Antiques.
 22862 | Snake:3  | Found Mowkosmo's Assorted Antiques.
 22866 | Snake:3  | Found Xyruuf's Book Shop.
 22875 | Snake:3  | Reached skill level 17 in Stealth
 22904 | Snake:3  | Bought a scroll labelled ILAOMOSOYQ for 37 gold pieces
 22960 | Snake:3  | Learned a level 1 spell: Apportation
 23267 | Snake:3  | Reached skill level 1 in Air Magic
 23269 | Snake:3  | Reached skill level 1 in Translocations
 23280 | Snake:3  | Reached skill level 1 in Spellcasting
 23352 | Snake:3  | Identified the +6 dagger of Pain and Death {holy, rPois}
 23368 | Snake:3  | Noticed Aizul
 23383 | Snake:3  | Killed Aizul
 23638 | Snake:4  | Entered Level 4 of the Snake Pit
 24429 | Abyss:1  | Cast into level 1 of the Abyss (naga)
 24487 | Abyss:1  | Reached skill level 5 in Armour
 24499 | Abyss:1  | Noticed a tentacled starspawn
 24530 | Abyss:1  | Killed a tentacled starspawn
 24533 | Abyss:1  | Noticed a tentacled starspawn
 24535 | Abyss:1  | Killed a tentacled starspawn
 24586 | Abyss:1  | Paralysed by you for 4 turns
 24592 | Abyss:1  | Reached XP level 18. HP: 100/100 MP: 24/31
 24615 | Abyss:1  | Found a corrupted altar of Lugonu.
 24622 | Abyss:1  | Found a corrupted altar of Lugonu.
 24631 | Abyss:1  | Found a corrupted altar of Lugonu.
 24880 | Snake:4  | Escaped the Abyss
 25104 | Snake:4  | Reached skill level 5 in Translocations
 25314 | Snake:4  | HP: 4/153 [shock serpent/bolt of electricity (4)]
 25317 | Snake:4  | HP: 1/153 [anaconda (3)]
 25320 | Snake:4  | Constricted to death by an anaconda

Illustrated notes

Levels and vault maps discovered:
D:1:      dpeg_arrival_oval, layout_loops_ring
D:2:      layout_basic, serial_shops, nicolae_shop_hallway_stairs,
          nicolae_ecumenical_snake_handling
D:3:      layout_loops_ring, fiery_altar_vehumet, dk_yredelemnul_ordeal,
          lemuel_coloured_pillars_altar, serial_shops,
          nicolae_shop_advertising_works [nicolae_subvault_shop_adworks],
          minmay_misc_feat_more_columns
D:4:      layout_rooms, mainiacjoe_overflow_paths, uniq_natasha, uniq_duvessa
D:5:      layout_loops_cross, minmay_temple_entry_fiery
D:6:      layout_rooms, zin_academy, bloody_makhleb,
          nicolae_overflow_crystal_walls, serial_shops, nicolae_stop_n_shop_1,
          uniq_pikel, uniq_eustachio, uniq_prince_ribbit1
D:7:      layout_rooms
D:8:      layout_gridville, nicolae_qazlal_scattered_showers, enter_bailey_2,
          gup_ossuary_entry_pyramid, grunt_decor_arrowhead, uniq_erica
D:9:      layout_cave_pools, mainiacjoe_overflow_boulevard, kennysheep_mini,
          hellmonk_lair_entry_icy
D:10:     minmay_the_grid_octo_2x2 [minmay_the_grid_octo_pinwheel,
          minmay_the_grid_octo_concentric, minmay_the_grid_octo_odd_swirl,
          minmay_the_grid_octo_prize_ultimate_mussel_roller],
          layout_irregular_city, mainiacjoe_overflow_chevrons,
          dk_rats_in_the_wall
D:11:     layout_grid_maze, erik_orc_1, minmay_misc_feat_square, uniq_nergalle
D:12:     dreamdust_cave_troll, layout_basic, xom_redecorated, uniq_frances
D:13:     minmay_cut_squares, layout_gridville
D:14:     nooodl_glass_maze, layout_irregular_city, david_vaults_1,
          dreamdust_mushroom_princess, nicolae_trove_entry_crossroad
D:15:     hangedman_depths_entry_civil_slaughter, layout_loops_cross,
          minivault_11, fedhas_altar_1, uniq_agnes
Temple:   jpeg_temple_clearing
Lair:1:   layout_regular_city, ebering_ghost_rock_garden, serial_bayou_pond_e,
          wad_woods_road_05, lemuel_fruit_tree, serial_bayou_shore_b,
          infiniplex_staircase_pool, lemuel_fruit_fields, serial_bayou_shore_b,
          uniq_harold
Lair:2:   layout_cellular_growth, minmay_shoals_entry_hut, beast_lair_carwin_8
Lair:3:   layout_chaotic_city, nicolae_snake_entry_warm_welcome,
          guppyfry_lair_drakes, infiniplex_staircase_pool_2, grunt_megastairs_1
Lair:4:   layout_big_grid, slime_entry_2
Lair:5:   gammafunk_lair_ancient_temple, layout_gridlike,
          eino_small_chamber_without_monster
Snake:1:  layout_onion, minmay_shop_grove, serial_bayou_shore_a,
          grunt_megastairs_2
Snake:2:  layout_gridlike, grunt_ministairs_4
Snake:3:  layout_onion, minmay_shop_star, grunt_megastairs_4, uniq_aizul
Snake:4:  snake_pit_salamanders_mu, layout_cave_town
Orc:1:    layout_caves, serial_shops, shop
Orc:2:    st_orc_mages, layout_diamond_mine

Skill      XL: |  1  2  3  4  5  6  7  8  9 10 11 12 13 14 15 16 17 18 |
---------------+-------------------------------------------------------+-----
Short Blades   | 2 3 4 5 6 7 9 10 | 10.0
Shields        | 3 4 6 9 10 11 12 13 14 | 14.0
Fighting       | 3 4 5 6 8 9 10 11 12 13 14 | 14.0
Stealth        | 2 5 7 9 11 13 14 15 16 17 | 17.7
Invocations    | 2 4 6 7 8 10 12 14 15 16 | 16.5
Armour         | 3 5 |  5.9
Air Magic      | 3 |  3.0
Translocations | 4 5 |  5.7
Spellcasting   | 3 4 |  4.0

Action                     |  1- 3 |  4- 6 |  7- 9 | 10-12 | 13-15 | 16-18 || total
---------------------------+-------+-------+-------+-------+-------+-------++-------
  Melee: Rapier            |    90 |    89 |       |       |       |       ||   179
         Bite              |    17 |    44 |   124 |   365 |   556 |   459 ||  1565
         Dagger            |       |    65 |   337 |   846 |   301 |       ||  1549
         Quick blade       |       |       |       |       |  1044 |  1145 ||  2189
         Short sword       |       |       |       |       |     6 |       ||     6
  Throw: Dart              |       |     9 |     3 |     9 |     2 |       ||    23
         Boomerang         |       |     1 |       |       |       |       ||     1
         Throwing net      |       |       |       |       |       |     1 ||     1
 Invoke: Line Pass         |       |       |       |     4 |     3 |     2 ||     9
         Stomp             |       |       |       |     2 |       |       ||     2
         Grand Finale      |       |       |       |     1 |     5 |    10 ||    16
  Evoke: Wand              |       |       |       |     2 |     2 |     1 ||     5
         Box of beasts     |       |       |       |       |     1 |       ||     1
         Phial of floods   |       |       |       |       |     1 |       ||     1
    Use: Scroll            |       |       |     8 |     7 |    11 |    18 ||    44
         Potion            |       |       |       |     2 |     3 |     2 ||     7
   Stab: Paralysed         |       |       |     6 |    44 |    69 |    87 ||   206
         Sleeping          |       |       |     2 |     3 |     6 |    19 ||    30
         Confused          |       |       |       |     2 |     2 |     1 ||     5
         Petrified         |       |       |       |       |     1 |       ||     1
         Distracted        |       |       |       |       |       |     3 ||     3
 Armour: Scale mail        |    39 |    37 |       |       |       |       ||    76
         Leather armour    |       |     6 |    57 |    60 |       |       ||   123
         Plate armour      |       |       |       |   139 |   296 |    63 ||   498
         Pearl dragon scal |       |       |       |       |       |   193 ||   193
  Dodge: Dodged            |    39 |    80 |   170 |   257 |   252 |   160 ||   958
  Block: Buckler           |    19 |    35 |    61 |   155 |   282 |   147 ||   699
         Reflection        |       |       |       |       |     6 |    32 ||    38
         Kite shield       |       |       |       |       |       |   185 ||   185

Table legend: (Time is in decaauts)
 A = Elapsed time spent in this place.
 B = Non-inter-level travel time spent in this place.
 C = Inter-level travel time spent in this place.
 D = Time resting spent in this place.
 E = Time spent auto-exploring this place.
 F = Levels seen in this place.
 G = Mean time per level.
                   A        B        C        D        E       F      G
               +--------+--------+--------+--------+--------+-----+--------+
         Total |  23368 |  21477 |   1891 |    958 |  14761 |  30 |  778.9 |
       Dungeon |  13446 |  12098 |   1348 |    637 |   8424 |  15 |  896.4 |
        Temple |     50 |     32 |     18 |      0 |     25 |   1 |   50.0 |
          Lair |   4339 |   4077 |    262 |      0 |   3143 |   5 |  867.8 |
     Snake Pit |   3581 |   3392 |    189 |    207 |   2316 |   4 |  895.2 |
  Orcish Mines |   1046 |    973 |     73 |      0 |    766 |   2 |  523.0 |
         Abyss |    358 |    358 |      0 |      2 |      0 |   1 |  358.0 |
       Ossuary |    178 |    178 |      0 |      0 |     86 |   1 |  178.0 |
        Bailey |    367 |    367 |      0 |    112 |      1 |   1 |  367.0 |
               +--------+--------+--------+--------+--------+-----+--------+

Top non-repeatable levels by time:
    D:11: 1537 daAuts
    D:10: 1249 daAuts
    D:13: 1210 daAuts
 Snake:4: 1062 daAuts
    D:12: 1057 daAuts
  Lair:2: 1049 daAuts
     D:2: 1013 daAuts
  Lair:5: 976 daAuts
    D:14: 957 daAuts
  Lair:3: 943 daAuts
 Snake:2: 911 daAuts
     D:1: 896 daAuts
     D:3: 889 daAuts
 Snake:3: 861 daAuts
  Lair:1: 814 daAuts
